 Dungeon Crawl Stone Soup version 0.20-a0-910-gb611367 (webtiles) character file.

44 Rrauwl the Skirmisher (level 3, 0/30 HPs)
             Began as a Formicid Abyssal Knight on Mar 24, 2017.
             Was a Follower of Lugonu.
             Succumbed to a goblin's poison
             ... on level 2 of the Dungeon.
             The game lasted 00:08:00 (1186 turns).

Rrauwl the Skirmisher (Formicid Abyssal Knight)     Turns: 1186, Time: 00:08:00

Health: 0/30       AC: 16    Str: 16    XL:     3   Next: 85%
Magic:  4/4        EV:  5    Int: 11    God:    Lugonu [*.....]
Gold:   178        SH:  0    Dex: 10    Spells: 2/2 levels left

rFire    . . .     SeeInvis +   g - +5 morningstar of Discomfort {crush, +Rage rC+ MR++ Int-3}
rCold    + . .     Gourm    .   f - +0 plate armour
rNeg     . . .     Faith    .   (no shield)
rPois    .         Spirit   .   (helmet unavailable)
rElec    .         Reflect  .   i - +2 cloak
rCorr    .         Harm     .   (no gloves)
MR       ++...                  (no boots)
Stlth    ..........             (no amulet)
Regen    0.1/turn               (no ring)
MPRegen  0.1/turn               d - ring of stealth

@: lethally poisoned (0 -> -1)
A: permanent stasis, dig shafts and tunnels, four strong arms, antennae 3,
iridescent scales 1, clever 1, evolution 1
a: Dig, Shaft Self, Depart the Abyss, Renounce Religion


You were on level 2 of the Dungeon.
You worshipped Lugonu.
Lugonu was aware of your devotion.
You were not hungry.

You visited 1 branch of the dungeon, and saw 2 of its levels.
You visited the Abyss 1 time.

You collected 178 gold pieces.

Inventory:

Hand Weapons
 g - the +5 morningstar of Discomfort (weapon) {crush, +Rage rC+ MR++ Int-3}
   (You found it on level 3 of the Abyss)

   It inflicts extra damage upon your enemies.
   It affects your intelligence (-3).
   It protects you from cold.
   It affects your resistance to hostile enchantments.
   It lets you go berserk.
Armour
 f - a +0 plate armour (worn)
 i - a +2 cloak (worn)
Jewellery
 d - a ring of stealth (left hand)
Scrolls
 e - a scroll of recharging
 l - a scroll of enchant weapon
 n - a scroll of immolation
Comestibles
 a - 4 chunks of flesh
 b - a royal jelly
 c - a bread ration
 p - a meat ration


   Skills:
 - Level 4.0 Fighting
 + Level 1.2 Maces & Flails
   Level 2.0 Polearms
 + Level 2.8 Armour
 + Level 1.3 Dodging
 - Level 2.1 Invocations


You had 2 spell levels left.
You didn't know any spells.

Dungeon Overview and Level Annotations

Branches:
Dungeon (2/15)

Altars:

Annotations:
D:2 1 runed door


Innate Abilities, Weirdness & Mutations

You cannot be hasted, slowed, berserked, paralysed or teleported.
You can dig through walls and to a lower floor.
Your four strong arms can wield two-handed weapons with a shield.
You have a pair of large antennae on your head. (SInv)
You are partially covered in iridescent scales. (AC +2)
Your mind is acute. (Int +2)
You evolve.


Message History

* * * LOW HITPOINT WARNING * * *
You feel sick. The goblin hits you but does no damage.
You puncture the goblin!
You kill the goblin!
Lugonu accepts your kill.
* * * LOW HITPOINT WARNING * * *
You feel sick.
Things that are here:
a club x2; a hobgoblin corpse
Okay, then.
* * * LOW HITPOINT WARNING * * *
You feel sick.
Some of the chunks of flesh in your inventory have rotted away.
* * * LOW HITPOINT WARNING * * *
You feel sick.
Found 23 sling bullets.
* * * LOW HITPOINT WARNING * * *
You feel sick.
Found 18 stones.
You die...

##### ### #...###..(#
############....@....#
.).............###...#
##.##.########## .##
#.##.# # #.##..
..##.## #..... #..##..
.#.####


There were no monsters in sight!

Vanquished Creatures
  A worm (D:2)
  A dart slug (D:1)
  A leopard gecko (D:1)
  7 bats
  7 goblins
  2 hobgoblins
  7 jackals (D:1)
  3 frilled lizards (D:1)
  5 kobolds (D:1)
  3 rats
37 creatures vanquished.

Notes
Turn   | Place    | Note
-------+----------+-------------------------------------------
     0 | Abyss:1  | Rrauwl the Formicid Abyssal Knight began the quest for the Orb.
     0 | Abyss:1  | Reached XP level 1. HP: 18/18 MP: 2/2
     5 | Abyss:1  | Found a corrupted altar of Lugonu.
    40 | Abyss:1  | Noticed an iron imp
    43 | Abyss:1  | Noticed a large abomination
    53 | Abyss:2  | Noticed a tentacled starspawn
    84 | Abyss:2  | Noticed a raiju
    84 | Abyss:2  | Noticed a raiju
   144 | Abyss:3  | Got an ichor-stained morningstar
   148 | Abyss:3  | Noticed a shadow
   150 | Abyss:3  | Noticed a crystal guardian
   150 | Abyss:3  | Noticed a thrashing horror
   150 | Abyss:3  | Noticed a thrashing horror
   151 | Abyss:3  | Noticed a guardian serpent
   151 | Abyss:3  | Noticed an iron imp
   151 | Abyss:3  | Noticed a thrashing horror
   151 | D:1      | Escaped the Abyss
   153 | D:1      | Identified the +5 morningstar of Discomfort {crush, +Rage rC+ MR++ Int-3} (You found it on level 3 of the Abyss)
   229 | D:1      | Reached skill level 1 in Dodging
   243 | D:1      | Reached XP level 2. HP: 17/24 MP: 3/3
   362 | D:1      | Reached * piety under Lugonu
   435 | D:1      | Reached skill level 1 in Maces & Flails
   436 | D:1      | Reached XP level 3. HP: 23/30 MP: 4/4
   978 | D:2      | Reached skill level 4 in Fighting
  1059 | D:2      | Found a runed door.
  1151 | D:2      | Gained mutation: Your mind is acute. (Int +2) [potion of mutation]
  1151 | D:2      | Gained mutation: You are partially covered in iridescent scales. (AC +2) [potion of mutation]
  1151 | D:2      | Gained mutation: You evolve. [potion of mutation]
  1182 | D:2      | HP: 1/30 [poisoned by a goblin]
  1186 | D:2      | Succumbed to a goblin's poison

Vault maps used:
D:1:      minmay_arrival_nine_rooms, minmay_tall_x
D:2:      yredelemnul_forgotten_temple_becter, uniq_crazy_yiuf_cottage
Abyss:1:  minivault_28
Abyss:2:  evilmike_abyss_exit_16
Abyss:3:  minivault_5, hangedman_grunt_abyss_rune_horror_hoard,
          hangedman_abyss_or_decor_passed, minivault_11,
          guppyfry_abyss_exit_imp_island

Skill      XL: |  1  2  3 |
---------------+----------+-----
Dodging        | 1 |  1.3
Maces & Flails | 1 |  1.2
Fighting       | 4 |  4.0
Polearms       | |  2.0
Armour         | |  2.8
Invocations    | |  2.1

Action                   || total
-------------------------++-------
Melee: Morningstar       ||   100
Invok: Depart the Abyss  ||     1
  Use: Scroll            ||     9
       Potion            ||     2
  Eat: Chunk             ||     1
Armor: Plate armour      ||    94
Dodge: Dodged            ||    28
